 Dungeon Crawl Stone Soup version 0.30.2 (webtiles) character file.

Game seed: 10388159505188250981

475 porpoise the Shooter (level 6, -2/56 HPs)
             Began as a Minotaur Hunter on Mar 5, 2024.
             Was an Initiate of Hepliaklqana.
             Slain by a gnoll
             ... wielding a +0 spear
             ... led by a gnoll sergeant
              (8 damage)
             ... on level 4 of the Dungeon.
             The game lasted 00:07:42 (3790 turns).

porpoise the Shooter (Minotaur Hunter)              Turns: 3790, Time: 00:07:42

Health: -2/56      AC:  7    Str: 15    XL:     6   Next: 84%
Magic:  5/5        EV: 11    Int:  6    God:    Hepliaklqana [......]
Gold:   190        SH:  0    Dex: 16    Spells: 5/5 levels left

rFire   . . .        a - +0 shortbow
rCold   . . .        (shield currently unavailable)
rNeg    . . .        v - +0 ring mail
rPois   .            (helmet restricted)
rElec   .            (no cloak)
rCorr   .            k - +0 pair of gloves
SInv    .            (no boots)
Will    .....        (no amulet)
Stlth   +            (no ring)
HPRegen 0.29/turn    (no ring)
MPRegen 0.09/turn

%: no passive effects
@: no status effects
A: horns 2, retaliatory headbutt
a: Renounce Religion


You were on level 4 of the Dungeon.
You worshipped Hepliaklqana.
Hepliaklqana was noncommittal.
You visited 2 branches of the dungeon, and saw 5 of its levels.

You collected 190 gold pieces.

Inventory:

Hand Weapons
 a - a +0 shortbow (weapon)
 b - a +1 dagger of venom
Missiles
 m - 9 javelins
 s - 6 boomerangs
Armour
 k - a +0 pair of gloves (worn)
 v - a +0 ring mail (worn)
Jewellery
 j - a ring of fire
Wands
 n - a wand of digging (2)
 q - a wand of flame (20)
 x - a wand of charming (28)
 y - a wand of iceblast (6)
Scrolls
 c - 3 scrolls of immolation
 d - a scroll of summoning {unknown}
 f - a scroll of enchant weapon {unknown}
 h - 2 scrolls of amnesia {unknown}
 o - 3 scrolls of identify {unknown}
 t - 3 scrolls of poison {unknown}
 u - a scroll of magic mapping {unknown}
 w - a scroll of blinking {unknown}
 z - a scroll of teleportation {unknown}
 A - a scroll of torment {unknown}
Potions
 e - a potion of invisibility {unknown}
 g - 2 potions of lignification {unknown}
 i - a potion of berserk rage {unknown}
 l - a potion of heal wounds
 p - a potion of curing {unknown}
 r - a potion of attraction {unknown}


   Skills:
 + Level 5.0 Fighting
 * Level 7.1 Ranged Weapons
 + Level 3.7 Armour
 - Level 2.1 Dodging
 - Level 0.7 Stealth


You had 5 spell levels left.
You didn't know any spells.
Your spell library contained the following spells:

 Spells                   Type           Power      Damage    Failure   Level
 Beastly Appendage        Tmut           0%         N/A       67%         1
 Slow                     Hex            0%         N/A       67%         1
 Wereblood                Tmut           0%         N/A       80%         2
 Confusing Touch          Hex            0%         N/A       95%         3
 Spider Form              Tmut/Pois      0%         N/A       95%         3
 Vampiric Draining        Necr           0%         2d6       95%         3


Dungeon Overview and Level Annotations

Branches:
Dungeon (4/15)             Temple (1/1) D:4

Altars:
Ashenzari
Cheibriados
Elyvilon
Fedhas
Gozag
Hepliaklqana
Makhleb
Nemelex Xobeh
Okawaru
Qazlal
Ru
Trog
Uskayaw
Vehumet
Wu Jian
Xom
Yredelemnul
Zin

Shops:
D:3 *   D:4 *


Innate Abilities, Weirdness & Mutations

You have a pair of horns on your head.
You reflexively headbutt those who attack you in melee.


Message History

You are too injured to fight recklessly!
Fire: a) +0 shortbow
Press: ? - help, Q - select action, (/) - cycle Shift-Dir - straight line, f - gnoll, p - gnoll sergeant
Aim: a gnoll, wielding a +0 spear and wearing a +0 leather armour (69% to hit)
You shoot an arrow.
The arrow hits the gnoll sergeant but does no damage.
The gnoll sergeant is lightly wounded.
The gnoll barely misses you.
Fire: a) +0 shortbow
Press: ? - help, Q - select action, (/) - cycle Shift-Dir - straight line, f/p - gnoll
Aim: a gnoll, wielding a +0 spear and wearing a +0 leather armour (69% to hit)
You shoot an arrow. The arrow hits the gnoll sergeant!
The gnoll sergeant is heavily wounded.
The gnoll sergeant hits you from afar with a +1 heavy spear!
The gnoll hits you but does no damage.
Fire: a) +0 shortbow
Press: ? - help, Q - select action, (/) - cycle Shift-Dir - straight line, f/p - gnoll
Aim: a gnoll, wielding a +0 spear and wearing a +0 leather armour (69% to hit)
You shoot an arrow. The gnoll sergeant blocks the arrow.
The gnoll sergeant hits you from afar with a +1 heavy spear.
The gnoll barely misses you.
Fire: a) +0 shortbow
Press: ? - help, Q - select action, (/) - cycle Shift-Dir - straight line, f/p - gnoll
Aim: a gnoll, wielding a +0 spear and wearing a +0 leather armour (69% to hit)
You shoot an arrow. The arrow hits the gnoll sergeant.
The gnoll sergeant is heavily wounded.
The gnoll misses you.
The gnoll sergeant hits you from afar with a +1 heavy spear!
* * * LOW HITPOINT WARNING * * *
The gnoll hits you but does no damage.
Fire: a) +0 shortbow
Press: ? - help, Q - select action, (/) - cycle Shift-Dir - straight line, f/p - gnoll
Aim: a gnoll, wielding a +0 spear and wearing a +0 leather armour (69% to hit)
You shoot an arrow.
The arrow barely misses the gnoll sergeant.
The arrow hits the gnoll but does no damage.
The gnoll sergeant hits you from afar with a +1 heavy spear!
* * * LOW HITPOINT WARNING * * *
The gnoll hits you from afar with a +0 spear!
You die...

#.....##.....
#............
#............
#####'####∩##'#
##.###..# #<##..
#.......#.......
#.......'.......
#####..#######.###.
##.@##..###.###.# #
#....gg..........
##...gg..........
#..###.)######..#
#..###..######..#
#......g...g.g...
#..........).....
#................
##..##..#..#..###


You could see a gnoll sergeant and 3 gnolls.

Vanquished Creatures
  A black bear (D:4)
  A jelly (D:4)
  2 orc priests (D:4)
  Terence (D:2)
  3 orc wizards
  5 gnolls
  5 adders
  A worm (D:2)
  A dart slug (D:3)
  12 orcs
  7 ball pythons
  6 endoplasms
  4 giant cockroaches
  9 goblins
  5 hobgoblins
  6 kobolds
  6 quokkas
  7 bats
  A frilled lizard (D:2)
  A kobold zombie (D:4)
  3 orc zombies (D:4)
  A rat (D:2)
88 creatures vanquished.

Notes
Turn   | Place    | Note
-------+----------+-------------------------------------------
     0 | D:1      | porpoise the Minotaur Hunter began the quest for the Orb.
     0 | D:1      | Reached XP level 1. HP: 18/18 MP: 0/0
   253 | D:1      | Reached XP level 2. HP: 25/25 MP: 1/1
   543 | D:1      | Reached skill level 1 in Armour
   734 | D:1      | Reached skill level 5 in Ranged Weapons
   747 | D:1      | Reached XP level 3. HP: 31/31 MP: 2/2
  1249 | D:2      | Noticed Terence
  1263 | D:2      | Killed Terence
  1264 | D:2      | Reached XP level 4. HP: 16/38 MP: 3/3
  1432 | D:2      | Found a faded altar of an unknown god.
  1930 | D:3      | Reached XP level 5. HP: 25/46 MP: 4/4
  2539 | D:4      | Found Suteag's General Store.
  2644 | D:3      | Reached skill level 6 in Ranged Weapons
  2987 | D:4      | Noticed a black bear
  2996 | D:4      | Killed a black bear
  2997 | D:4      | Reached XP level 6. HP: 49/53 MP: 5/5
  3098 | D:4      | Identified the +0 robe of the Lich-sworn {Harm rC- Str+7
                  | Int+3}
  3099 | D:4      | Found a hide-covered altar of Uskayaw.
  3298 | D:4      | Reached skill level 7 in Ranged Weapons
  3433 | D:4      | Found a staircase to the Ecumenical Temple.
  3438 | D:4      | Reached skill level 5 in Fighting
  3552 | Temple   | Entered the Ecumenical Temple
  3648 | Temple   | Became a worshipper of Hepliaklqana the Forgotten
  3790 | D:4      | Slain by a gnoll

Illustrated notes

Levels and vault maps discovered:
D:1:      ebering_hopf_link, layout_loops_corners, chequers_avenue
D:2:      layout_loops_ring, hellmonk_ecumenical_altar_heavens_door,
          st_stairs_1, kennysheep_nondescript, uniq_terence
D:3:      layout_loops_cross, minmay_fountain_box, grunt_decor_cap
D:4:      layout_gridville, lemuel_crystal_altar,
          minmay_temple_entry_proselytizer, serial_shops, shop,
          minmay_mini_ossuary
Temple:   minmay_temple_bridge_d

Skill      XL: |  1  2  3  4  5  6 |
---------------+-------------------+-----
Armour         | 1 2 3 |  3.7
Fighting       | 3 4 5 |  5.0
Ranged Weapons | 5 6 7 |  7.1
Dodging        | |  2.1
Stealth        | |  0.7

Action                     |  1- 3 |  4- 6 || total
---------------------------+-------+-------++-------
  Melee: Shortbow          |       |     1 ||     1
   Fire: Shortbow          |    93 |   184 ||   277
 Armour: Leather armour    |    10 |     2 ||    12
         Ring mail         |       |    40 ||    40
  Dodge: Dodged            |    23 |    55 ||    78
